 Dungeon Crawl Stone Soup version 0.29-a0-789-g7a8fcbc185 (webtiles) character file.

Game seed: 16509172721266581770

30 gobodom the Digger (level 3, 0/21 HPs)
             Began as an Octopode Earth Elementalist on July 3, 2022.
             Was a Follower of Kikubaaqudgha.
             Slain by an endoplasm (3 damage)
             ... on level 2 of the Dungeon.
             The game lasted 00:04:21 (901 turns).

gobodom the Digger (Octopode Earth Elementalist)     Turns: 901, Time: 00:04:21

Health: 0/21       AC:  1    Str:  9    XL:     3   Next: 20%
Magic:  2/6        EV: 13    Int: 17    God:    Kikubaaqudgha [*.....]
Gold:   95         SH:  0    Dex: 12    Spells: 5/7 levels left

rFire   . . .      SeeInvis .   (no weapon)
rCold   . . .      Faith    .   (no shield)
rNeg    . . .      Spirit   .   (helmet restricted)
rPois   .          Reflect  .   (no amulet)
rElec   .          Harm     .   (no ring)
rCorr   .          Rampage  .   (no ring)
Will    .....                   (no ring)
Stlth   +++.......              (no ring)
HPRegen 0.07/turn               (no ring)
MPRegen 0.10/turn               (no ring)
                                (no ring)
                                (no ring)

@: no status effects
A: almost no armour, amphibious, 8 rings, camouflage 1, gelatinous body 1,
(nimble swimmer 1), tentacles
a: Renounce Religion, Unearth Wretches


You were on level 2 of the Dungeon.
You worshipped Kikubaaqudgha.
Kikubaaqudgha was aware of your devotion.
You visited 1 branch of the dungeon, and saw 2 of its levels.

You collected 95 gold pieces.

Inventory:

Missiles
 f - 6 poisoned darts
Scrolls
 c - 3 scrolls of poison {unknown}
 e - 2 scrolls of identify {unknown}
 g - a scroll of enchant armour {unknown}
Potions
 a - a potion of magic
 b - a potion of mutation {unknown}
 d - a potion of haste {unknown}
 h - a potion of lignification {unknown}


   Skills:
 + Level 2.1 Dodging
 + Level 2.7 Stealth
 + Level 0.2 Unarmed Combat
 + Level 2.5 Spellcasting
 + Level 0.3 Necromancy
 + Level 1.0 Transmutations
 + Level 3.5 Earth Magic


You had 5 spell levels left.
You knew the following spells:

 Your Spells              Type           Power      Damage    Failure   Level
a - Sandblast             Erth           28%        2d8       4%          1
b - Necrotize             Necr           12%        1d4       16%         1

Your spell library contained the following spells:

 Spells                   Type           Power      Damage    Failure   Level
 Passwall                 Tmut/Erth      7%         N/A       11%         2
 Sublimation of Blood     Necr           3%         N/A       24%         2
 Stone Arrow              Conj/Erth      16%        3d8       26%         3
 Vampiric Draining        Necr           3%         2d6       43%         3
 Petrify                  Tmut/Erth      9%         N/A       56%         4
 Animate Dead             Necr           3%         N/A       83%         4


Dungeon Overview and Level Annotations

Branches:
Dungeon (2/15)

Altars:
Kikubaaqudgha


Innate Abilities, Weirdness & Mutations

You cannot wear most types of armour.
You are amphibious.
You can wear up to eight rings at the same time.
Your skin changes colour to match your surroundings (Stealth+).
Your rubbery body absorbs attacks. (AC +1, EV +1)
((You are camouflaged when in or above water. (Stealth+)))
You have tentacles for arms and can constrict up to eight enemies at once.


Message History

The endoplasm freezes you.
You are frozen.
* * * LOW HITPOINT WARNING * * *
You tentacle-slap the adder but do no damage.
You squeeze the adder.
The adder is almost dead.
You constrict the adder.
You kill the adder!
Kikubaaqudgha accepts your kill. The endoplasm hits you.
* * * LOW HITPOINT WARNING * * *
You have reached level 3!
Your experience leads to an increase in your attributes!
Increase (S)trength, (I)ntelligence, or (D)exterity?
You feel stronger. x2
The frilled lizard attacks as you move away!
The frilled lizard barely misses you. The endoplasm hits you.
* * * LOW HITPOINT WARNING * * *
The frilled lizard attacks as you move away!
The frilled lizard barely misses you.
The frilled lizard attacks as you move away!
The frilled lizard misses you.
A goblin comes into view. It is wielding a +0 club.
The frilled lizard attacks as you move away!
The frilled lizard misses you.
You barely miss the frilled lizard. Your grab misses the frilled lizard.
You squeeze the frilled lizard.
You kill the frilled lizard!
Kikubaaqudgha accepts your kill.
The goblin shouts!
You tentacle-slap the kobold but do no damage.
Your grab misses the kobold. Your squeeze misses the kobold.
The kobold closely misses you.
You tentacle-slap the kobold. You grab the kobold. You squeeze the kobold.
You kill the kobold!
Kikubaaqudgha accepts your kill. The endoplasm hits you.
You die...
Kikubaaqudgha rasps: "You have failed me!
Welcome... death!"

##.$..........
#...♣.♣.......
#.♣.....♣.....
#..........#
#♣..♣.♣..♣.#
#.........#
♣..♣.♣.)♣.###
#.########...........#
#...g@)...♣....†♣....#
#.####J.....♣.♣.......
#.#####.#####.... #.#
#.# #.#.. #.# #.#
#.##. #.# ##.#####.# #
... .........### #.#
########...# #..##


You could see an endoplasm and a goblin.

Vanquished Creatures
  An adder (D:2)
  3 endoplasms (D:1)
  3 giant cockroaches (D:1)
  5 goblins
  A quokka (D:1)
  A bat (D:1)
  A frilled lizard (D:2)
  3 kobolds
  4 rats
22 creatures vanquished.

Notes
Turn   | Place    | Note
-------+----------+-------------------------------------------
     0 | D:1      | gobodom the Octopode Earth Elementalist began the quest for
                  | the Orb.
     0 | D:1      | Reached XP level 1. HP: 11/11 MP: 3/3
   109 | D:1      | Reached XP level 2. HP: 17/17 MP: 3/5
   162 | D:1      | Found a faded altar of an unknown god.
   170 | D:1      | Prayed at the altar of an unknown god.
   170 | D:1      | Became a worshipper of Kikubaaqudgha
   170 | D:1      | Reached * piety under Kikubaaqudgha
   170 | D:1      | Received a gift from Kikubaaqudgha
   173 | D:1      | Learned a level 1 spell: Necrotize
   889 | D:2      | Reached XP level 3. HP: 3/21 MP: 1/6
   901 | D:2      | Slain by an endoplasm

Illustrated notes

Levels and vault maps discovered:
D:1:      wander_arrival_lonely_grave, layout_basic,
          hellmonk_ecumenical_altar_slurped_away
D:2:      layout_basic, serial_forest, infiniplex_forest_lined_3,
          infiniplex_forest_lined_ring, infiniplex_forest_lined_ring,
          infiniplex_forest_lined_ring, uniq_crazy_yiuf_cottage, uniq_robin,
          uniq_jessica

Action                   || total
-------------------------++-------
Melee: Unarmed           ||    36
       Tentacles         ||    11
       Constrict         ||     9
       Punch             ||     1
 Cast: Sandblast         ||    12
       Necrotize         ||    12
 Stab: Sleeping          ||     2
Armor: Skin              ||     3
Dodge: Dodged            ||    38

Table legend: (Time is in decaauts)
 A = Elapsed time spent in this place.
 B = Non-inter-level travel time spent in this place.
 C = Inter-level travel time spent in this place.
 D = Time resting spent in this place.
 E = Time spent auto-exploring this place.
 F = Levels seen in this place.
 G = Mean time per level.
                   A        B        C        D        E       F      G
               +--------+--------+--------+--------+--------+-----+--------+
         Total |    913 |    903 |     10 |      0 |    659 |   2 |  456.5 |
       Dungeon |    913 |    903 |     10 |      0 |    659 |   2 |  456.5 |
               +--------+--------+--------+--------+--------+-----+--------+

Top non-repeatable levels by time:
     D:1: 835 daAuts
     D:2: 77 daAuts
